 Dungeon Crawl Stone Soup version 0.31-a0-859-g9dce7d3444 (webtiles) character file.

Game seed: 2057255202297992715

3923 Dirtsage the Grappler (level 10, -11/57 HPs)
             Began as an Octopode Shapeshifter on Oct 9, 2023.
             Was an Initiate of Wu Jian.
             Mangled by a two-headed ogre
             ... wielding a +0 giant club
              (19 damage)
             ... on level 8 of the Dungeon.
             The game lasted 00:12:22 (7004 turns).

Dirtsage the Grappler (Octopode Shapeshifter)       Turns: 7004, Time: 00:12:23

Health: -11/57     AC:  1    Str: 17    XL:     10   Next: 20%
Magic:  0/10       EV: 13    Int: 13    God:    Wu Jian [......]
Gold:   254        SH:  0    Dex: 12    Spells: 9/9 levels left

rFire   . .          .
                       - Unarmed
rCold   . . .        (no shield)
rNeg    . . .        (helmet restricted)
rPois   .            v - amulet of guardian spirit
rElec   .            W - ring of wizardry
rCorr   .            S - ring of see invisible
SInv    +            (no ring)
Will    .....        (no ring)
Stlth   ++           (no ring)
HPRegen 0.29/turn    (no ring)
MPRegen 0.12/turn    (no ring)
                     (no ring)

%: guardian spirit, wizardry (x1)
@: maw-form
A: devouring maw, reduced hp, almost no armour, amphibious, 8 rings, camouflage
1, gelatinous body 1, (nimble swimmer 1), tentacles
a: Begin Untransformation, Renounce Religion


You were on level 8 of the Dungeon.
You worshipped Wu Jian.
Wu Jian was noncommittal.
You were a creature with a mouth for a stomach.
You visited 2 branches of the dungeon, and saw 9 of its levels.
You also visited: Ossuary.

You collected 254 gold pieces.

Inventory:

Missiles
 w - a throwing net
 z - a curare-tipped dart
Jewellery
 v - an amulet of guardian spirit (around mantle)
 S - a ring of see invisible (right tentacle)
 W - a ring of wizardry (left tentacle)
Talismans
 b - a beast talisman
 c - a flux talisman
 f - a maw talisman (active)
Wands
 i - a wand of flame (2)
 u - a wand of paralysis (1)
Scrolls
 a - a scroll of enchant weapon
 d - 2 scrolls of immolation {unknown}
 g - a scroll of fear
 h - 2 scrolls of enchant armour {unknown}
 j - 2 scrolls of acquirement {unknown}
 k - 2 scrolls of amnesia {unknown}
 m - a scroll of silence {unknown}
 o - 2 scrolls of vulnerability {unknown}
 r - a scroll of summoning
 s - a scroll of noise
 t - 3 scrolls of teleportation {unknown}
 y - a scroll of revelation {unknown}
 B - 3 scrolls of blinking
Potions
 e - a potion of enlightenment
 l - 5 potions of heal wounds
 n - 4 potions of attraction {unknown}
 p - 3 potions of brilliance
 q - 3 potions of curing
 x - a potion of resistance {unknown}
 A - a potion of might {unknown}
 C - 2 potions of cancellation {unknown}
 D - 2 potions of haste {unknown}
 E - a potion of invisibility {unknown}
 F - a potion of degeneration {unknown}


   Skills:
 - Level 1.0 Fighting
 - Level 2.0 Dodging
 * Level 10.8 Unarmed Combat
 * Level 9.8 Shapeshifting


You had 9 spell levels left.
You didn't know any spells.
Your spell library contained the following spells:

 Spells                   Type           Power      Damage    Failure   Level
 Cigotuvi's Dreadful Rot  Necr/Pois/Air  0%         N/A       19%         2
 Ignite Poison            Fire/Tmut/Pois 0%         N/A       34%         3
 Sticky Flame             Conj/Fire      0%         2d3       73%         4
 Freezing Cloud           Conj/Ice/Air   0%         6-21      96%         5
 Ignition                 Fire           0%         3d3       100%        8


Dungeon Overview and Level Annotations

Branches:
Dungeon (8/15)             Temple (1/1) D:6         Ossuary (visited)
   Lair: D:8-11

Altars:
Ashenzari
Cheibriados
Elyvilon
Fedhas
Gozag
Kikubaaqudgha
Makhleb
Nemelex Xobeh
Okawaru
Qazlal
Ru
Sif Muna
Trog
Uskayaw
Vehumet
Wu Jian
Xom
Yredelemnul
Zin
The Shining One

Shops:
D:3 =


Innate Abilities, Weirdness & Mutations

You are a creature with a mouth for a stomach.
Your midsection houses a second, enormous mouth.
Your maximum health is decreased, since you lack skill for your form.
You cannot wear most types of armour.
You are amphibious.
You can wear up to eight rings at the same time.
Your skin changes colour to match your surroundings (Stealth+).
Your rubbery body absorbs attacks. (AC +1, EV +1)
((You are camouflaged when in or above water. (Stealth+)))
You have tentacles for arms and can constrict up to eight enemies at once.


Message History

You bite the two-headed ogre, but do no damage.
The two-headed ogre is heavily wounded.
The helpless two-headed ogre fails to defend itself.
You bludgeon the two-headed ogre! You bite the two-headed ogre.
The two-headed ogre is severely wounded.
The helpless two-headed ogre fails to defend itself.
You bludgeon the two-headed ogre! You tentacle-slap the two-headed ogre.
You bite the two-headed ogre.
You devour half of the two-headed ogre!
You feel better.
You kill the two-headed ogre!
The Council accepts your kill.
Health restored: 57
Aiming: Paralyse
Press: ? - help, Shift-Dir - straight line, f - two-headed ogre
Aim: a two-headed ogre, wielding a +0 giant club and a +0 giant spiked club (chance to affect: 31%)
The two-headed ogre easily resists.
Aiming: Paralyse
Press: ? - help, Shift-Dir - straight line, f/p - two-headed ogre
Aim: a two-headed ogre, wielding a +0 giant club and a +0 giant spiked club (chance to affect: 31%)
The two-headed ogre easily resists.
Aiming: Paralyse
Press: ? - help, Shift-Dir - straight line, f/p - two-headed ogre
Aim: a two-headed ogre, wielding a +0 giant club and a +0 giant spiked club (chance to affect: 31%)
The two-headed ogre easily resists.
The two-headed ogre hits you with a +0 giant club!
The two-headed ogre hits you with a +0 giant spiked club!!
You take 37 damage, and have 20/57 hp.
MASSIVE DAMAGE!!
You now have 4/10 mp.
You bludgeon the two-headed ogre!
Your squeeze misses the two-headed ogre.
You bite the two-headed ogre.
The two-headed ogre is moderately wounded.
You tentacle-slap the two-headed ogre but do no damage.
You tentacle-slap the two-headed ogre, but do no damage.
Your squeeze misses the two-headed ogre.
You bite the two-headed ogre.
The two-headed ogre is moderately wounded.
The two-headed ogre hits you with a +0 giant club!
* * * LOW HITPOINT WARNING * * *
The two-headed ogre hits you with a +0 giant spiked club!!
You die...

........ .... .....|.
..... ...... ..... .
##....#......
..#.......>....
#.......#.../$.... .....
........................
.......O....... .......
.....<$W#####......... .
.......)#####...#....#..
#.#.##... ......#..$....
... ..... .......#..#..
.. #...### #...#..:...#
# #...#####...#)#.....
#..###......#.#.#..# ...
#..z.#.# .# ##...#.# .


You could see a two-headed ogre.

Vanquished Creatures
  A two-headed ogre (D:8)
  A wraith (D:6)
  A water moccasin (D:7)
  An orc warrior (D:6)
  2 sky beasts
  5 ice beasts
  2 ogres
  A black bear (D:5)
  2 centaurs
  5 phantoms
  2 kobold brigands
  4 scorpions
  3 bullfrogs
  A gnoll sergeant (D:8)
  5 water moccasin zombies (Ossuary)
  A wight (D:8)
  A howler monkey (D:5)
  An orc priest (D:3)
  3 hounds
  2 jellies
  4 iguanas
  A sleepcap (D:6)
  3 mummies
  Robin (D:2)
  6 adders
  2 white imps
  An ufetubus (D:4)
  4 adder zombies (Ossuary)
  3 worms
  A dart slug (D:3)
  10 orcs
  8 bats
  9 endoplasms
  3 gnoll zombies (Ossuary)
  8 hobgoblins
  11 jackals
  33 kobolds
  8 quokkas
  6 ball pythons
  4 frilled lizards
  15 goblins
  5 hobgoblin zombies (Ossuary)
  10 kobold zombies
  4 orc zombies
  4 rats
208 creatures vanquished.

Notes
Turn   | Place    | Note
-------+----------+-------------------------------------------
     0 | D:1      | Dirtsage the Octopode Shapeshifter began the quest for the
                  | Orb.
     0 | D:1      | Reached XP level 1. HP: 13/13 MP: 1/1
   108 | D:1      | Reached XP level 2. HP: 17/18 MP: 2/2
   205 | D:1      | Found a faded altar of an unknown god.
   608 | D:2      | Found a basalt altar of Yredelemnul.
   754 | D:2      | Found an iron altar of Okawaru.
   759 | D:2      | Reached XP level 3. HP: 23/23 MP: 3/3
   771 | D:2      | Reached skill level 4 in Unarmed Combat
  1431 | D:2      | Noticed Robin
  1446 | D:2      | Reached XP level 4. HP: 17/28 MP: 4/4
  1448 | D:2      | Killed Robin
  1675 | D:3      | Found Benk's Jewellery Boutique.
  1691 | D:3      | Found a shimmering altar of Xom.
  1883 | D:3      | Reached XP level 5. HP: 24/33 MP: 5/5
  1920 | D:3      | Found the +7 staff of the Meek {protect, meekguard}
  2101 | D:3      | Found a radiant altar of Vehumet.
  2138 | D:3      | You fall into a shaft and drop 3 floors!
  2138 | D:6      | Found a staircase to the Ecumenical Temple.
  2139 | D:6      | Noticed an ice beast
  2139 | D:6      | Noticed a phantom
  2154 | D:6      | Killed a phantom
  2155 | D:6      | Reached skill level 5 in Unarmed Combat
  2155 | D:6      | Reached XP level 6. HP: 8/38 MP: 6/6
  2160 | D:6      | Killed an ice beast
  2286 | Temple   | Entered the Ecumenical Temple
  2319 | D:5      | Entered Level 5 of the Dungeon
  2328 | D:5      | Reached skill level 5 in Shapeshifting
  2421 | D:5      | Reached skill level 6 in Unarmed Combat
  2421 | D:5      | Reached XP level 7. HP: 34/43 MP: 7/7
  3244 | D:3      | Found an opulent altar of Gozag.
  3745 | D:4      | Found a glowing golden altar of the Shining One.
  3750 | D:4      | Found an iron altar of Okawaru.
  3751 | D:4      | Found a stormy altar of Qazlal.
  3752 | D:4      | Found a shimmering blue altar of Sif Muna.
  3752 | D:4      | Found a white marble altar of Elyvilon.
  3753 | D:4      | Found a glowing silver altar of Zin.
  3755 | D:4      | Found a blossoming altar of Fedhas.
  3759 | D:4      | Reached skill level 7 in Unarmed Combat
  3761 | D:4      | Found a burning altar of Makhleb.
  3919 | D:4      | Reached XP level 8. HP: 46/48 MP: 8/8
  4556 | D:6      | Reached skill level 8 in Unarmed Combat
  4778 | D:6      | Noticed a wraith
  4788 | D:6      | Killed a wraith
  4789 | D:6      | Reached XP level 9. HP: 17/53 MP: 2/9
  5167 | D:6      | Reached skill level 9 in Unarmed Combat
  5934 | D:7      | Found a sand-covered staircase.
  5940 | Ossuary  | Entered an ossuary
  6116 | Ossuary  | Reached skill level 10 in Unarmed Combat
  6359 | D:7      | Found an ornate altar of the Wu Jian Council.
  6414 | D:7      | Became a worshipper of the Wu Jian Council
  6858 | D:8      | Reached XP level 10. HP: 54/58 MP: 10/10
  6993 | D:8      | Noticed a two-headed ogre
  6993 | D:8      | Noticed a two-headed ogre
  6999 | D:8      | Killed a two-headed ogre
  7004 | D:8      | Mangled by a two-headed ogre

Illustrated notes

Levels and vault maps discovered:
D:1:      amcnicky_arrival_abandoned_market, layout_basic,
          chequers_ecumenical_altar_island, st_stairs_4
D:2:      layout_loops_corners, basic_altar, minmay_hexomino_r4, uniq_robin
D:3:      layout_basic, grunt_temple_overflow_open,
          mainiacjoe_overflow_cross_hatched, serial_shops, shop,
          grunt_ministairs_8, pf_guarded_unrand_meek
D:4:      layout_loops_ring, minitemple
D:5:      layout_rooms
D:6:      kennysheep_kobold_camp, layout_cave_pools, minmay_temple_entry_wispy
D:7:      layout_basic, nicolae_wu_jian_wuxing_cycle, nicolae_ossuary_entry_giza
D:8:      layout_rooms, riverfiend_overflow_shadow_ancestor,
          kennysheep_generic_room_6, uniq_maggie
Temple:   hellmonk_temple_beads

Skill      XL: |  1  2  3  4  5  6  7  8  9 |
---------------+----------------------------+-----
Unarmed Combat | 4 5 6 7 8 10 | 10.8
Shapeshifting  | 4 5 6 7 9 |  9.8
Fighting       | |  1.0
Dodging        | |  2.0

Action                     |  1- 3 |  4- 6 |  7- 9 | 10-12 || total
---------------------------+-------+-------+-------+-------++-------
  Melee: Unarmed           |    88 |    79 |   278 |     8 ||   453
         Constrict         |    19 |    17 |    64 |     1 ||   101
         Tentacles         |    17 |    18 |    62 |       ||    97
         Punch             |     1 |     4 |    20 |     2 ||    27
         Maw               |       |       |    44 |     7 ||    51
Ability: Lunge             |       |       |     2 |     2 ||     4
  Evoke: Wand              |       |       |     1 |     6 ||     7
    Use: Potion            |       |     3 |     1 |       ||     4
         Scroll            |       |       |     7 |       ||     7
   Stab: Sleeping          |     3 |     4 |     6 |       ||    13
         Paralysed         |       |       |       |     3 ||     3
 Armour: Skin              |    45 |    35 |    98 |     5 ||   183
  Dodge: Dodged            |    59 |    30 |   123 |     1 ||   213
   Form: Maw               |       |       |     1 |       ||     1

Table legend: (Time is in decaauts)
 A = Elapsed time spent in this place.
 B = Non-inter-level travel time spent in this place.
 C = Inter-level travel time spent in this place.
 D = Time resting spent in this place.
 E = Time spent auto-exploring this place.
 F = Levels seen in this place.
 G = Mean time per level.
                   A        B        C        D        E       F      G
               +--------+--------+--------+--------+--------+-----+--------+
         Total |   6951 |   6637 |    314 |    812 |   4603 |  10 |  695.1 |
       Dungeon |   6664 |   6350 |    314 |    812 |   4398 |   8 |  833.0 |
        Temple |      1 |      1 |      0 |      0 |      0 |   1 |    1.0 |
       Ossuary |    284 |    284 |      0 |      0 |    205 |   1 |  284.0 |
               +--------+--------+--------+--------+--------+-----+--------+

Top non-repeatable levels by time:
     D:6: 1243 daAuts
     D:7: 1159 daAuts
     D:2: 1033 daAuts
     D:3: 1033 daAuts
     D:5: 833 daAuts
     D:4: 726 daAuts
     D:1: 570 daAuts
 Ossuary: 284 daAuts
     D:8: 63 daAuts
  Temple: 1 daAuts
